| TOP OF THE 1ST |
|
Toledo Mud Hens batting - Pitching for Norfolk Tides : RHP John Piccola
|
|
Pitching: RHP John Piccola
|
|
|
Batting: RHB Brandon O'Malley
|
0-0: Ball 1-0: Ground out 4-3 (Groundball, 4M, EV 94.4 MPH)
|
|
Batting: RHB J.J. Basil
|
0-0: Ground out 5-3 (Groundball, 5S, EV 84.4 MPH)
|
|
Batting: LHB Bill Ford
|
0-0: Ball 1-0: Ball 2-0: Ground out 4-3 (Groundball, 4, EV 101.2 MPH)
|
| Top of the 1st over - 0 runs, 0 hits, 0 errors, 0 left on base; Toledo 0 - Norfolk 0 |
| BOTTOM OF THE 1ST |
|
Norfolk Tides batting - Pitching for Toledo Mud Hens : RHP Ricky Tercero
|
|
Pitching: RHP Ricky Tercero
|
|
|
Batting: RHB Francisco Viera
|
0-0: Fly out, F7 (Line Drive, 7, EV 95.0 MPH)
|
|
Batting: RHB Mario Saez
|
0-0: Ball 1-0: Ball 2-0: Foul Ball, location: 2F 2-1: Fly out, F7 (Line Drive, 7LM, EV 90.6 MPH)
|
|
Batting: LHB Wes Goscinski
|
0-0: Swinging Strike 0-1: Swinging Strike 0-2: Ball 1-2: Strikes out swinging
|
| Bottom of the 1st over - 0 runs, 0 hits, 0 errors, 0 left on base; Toledo 0 - Norfolk 0 |
| TOP OF THE 2ND |
|
Toledo Mud Hens batting - Pitching for Norfolk Tides : RHP John Piccola
|
|
Batting: RHB Dan Becvar
|
0-0: Ground out 3-1 (Groundball, 34, EV 96.9 MPH)
|
|
Batting: RHB Joel Miller
|
0-0: Ball 1-0: Ball 2-0: Fly out, F9 (Line Drive, 9S, EV 93.1 MPH)
|
|
Batting: RHB Jamie Villagrana
|
0-0: Ball 1-0: DOUBLE (Line Drive, 78XD, EV 100.6 MPH)
|
|
Batting: RHB Keith Hoffman
|
0-0: Ball 1-0: Fly out, F8 (Flyball, 8LM, EV 79.4 MPH)
|
| Top of the 2nd over - 0 runs, 1 hit, 0 errors, 1 left on base; Toledo 0 - Norfolk 0 |
| BOTTOM OF THE 2ND |
|
Norfolk Tides batting - Pitching for Toledo Mud Hens : RHP Ricky Tercero
|
|
Batting: RHB Kory Sanchez
|
0-0: Called Strike 0-1: Foul Ball, location: 2F 0-2: Foul Ball, location: 2F 0-2: Ball 1-2: Ball 2-2: Foul Ball, location: 2F 2-2: SINGLE (Line Drive, 78M, EV 86.9 MPH)
|
|
Batting: LHB Jose Chinchilla
|
0-0: Called Strike 0-1: Ball 1-1: Ball 2-1: Ball 3-1: Swinging Strike 3-2: Foul Ball, location: 2F 3-2: Ground out U3 (Groundball, 3S, EV 66.9 MPH) Kory Sanchez to second
|
|
Batting: RHB Bobby Scholl
|
0-0: Foul Ball, location: 2F 0-1: Ball 1-1: Swinging Strike 1-2: Strikes out swinging
|
|
Batting: SHB Brian Bentz
|
0-0: Ball 1-0: Called Strike 1-1: Foul Ball, location: 2F 1-2: 2-RUN HOME RUN (Flyball, 9D, EV 105.6 MPH), Distance : 379 ft
|
|
Batting: RHB Travis Carter
|
0-0: Fly out, F5 (Line Drive, 56, EV 68.8 MPH)
|
| Bottom of the 2nd over - 2 runs, 2 hits, 0 errors, 0 left on base; Toledo 0 - Norfolk 2 |
| TOP OF THE 3RD |
|
Toledo Mud Hens batting - Pitching for Norfolk Tides : RHP John Piccola
|
|
Batting: RHB Aaron Cusick
|
0-0: Ball 1-0: Ball 2-0: SINGLE (Line Drive, 7S, EV 102.5 MPH)
|
|
Batting: SHB Chris Wagler
|
0-0: Ball 1-0: Swinging Strike 1-1: Ball 2-1: Swinging Strike 2-2: Strikes out swinging
|
|
Batting: RHB Brandon O'Malley
|
0-0: Called Strike 0-1: Called Strike 0-2: TRIPLE (Flyball, 89XD, EV 102.5 MPH) Aaron Cusick scores
|
|
Batting: RHB J.J. Basil
|
0-0: Called Strike 0-1: DOUBLE (Line Drive, 3D, EV 100.0 MPH) Brandon O'Malley scores
|
|
Batting: LHB Bill Ford
|
0-0: Called Strike 0-1: Ball 1-1: Foul Ball, location: 2F 1-2: Foul Ball, location: 2F 1-2: Strikes out swinging
|
|
Batting: RHB Dan Becvar
|
0-0: Called Strike 0-1: Foul Ball, location: 2F 0-2: Strikes out swinging
|
| Top of the 3rd over - 2 runs, 3 hits, 0 errors, 1 left on base; Toledo 2 - Norfolk 2 |
| BOTTOM OF THE 3RD |
|
Norfolk Tides batting - Pitching for Toledo Mud Hens : RHP Ricky Tercero
|
|
Batting: LHB Tyler Allen
|
0-0: Swinging Strike 0-1: Ball 1-1: Called Strike 1-2: Foul Ball, location: 2F 1-2: Foul Ball, location: 2F 1-2: Strikes out swinging
|
|
Batting: RHB Francisco Viera
|
0-0: Foul Ball, location: 2F 0-1: Ball 1-1: Ball 2-1: Foul Ball, location: 2F 2-2: Foul Ball, location: 2F 2-2: Ball 3-2: SINGLE (Groundball, 6MS, EV 73.1 MPH) (infield hit)
|
|
Batting: RHB Mario Saez
|
0-0: Ball 1-0: Called Strike 1-1: Grounds into double play, 3-6-3 (Groundball, 3, EV 105.0 MPH)
|
| Bottom of the 3rd over - 0 runs, 1 hit, 0 errors, 0 left on base; Toledo 2 - Norfolk 2 |
| TOP OF THE 4TH |
|
Toledo Mud Hens batting - Pitching for Norfolk Tides : RHP John Piccola
|
|
Batting: RHB Joel Miller
|
0-0: Ground out 5-3 (Groundball, 56, EV 101.2 MPH)
|
|
Batting: RHB Jamie Villagrana
|
0-0: Ball 1-0: Ball 2-0: Ground out 4-3 (Groundball, 13, EV 83.1 MPH)
|
|
Batting: RHB Keith Hoffman
|
0-0: Called Strike 0-1: Ball 1-1: Fly out, F9 (Line Drive, 9S, EV 96.9 MPH)
|
| Top of the 4th over - 0 runs, 0 hits, 0 errors, 0 left on base; Toledo 2 - Norfolk 2 |
| BOTTOM OF THE 4TH |
|
Norfolk Tides batting - Pitching for Toledo Mud Hens : RHP Ricky Tercero
|
|
Batting: LHB Wes Goscinski
|
0-0: Ball 1-0: Ball 2-0: Ball 3-0: Base on Balls
|
|
Batting: RHB Kory Sanchez
|
0-0: Ball 1-0: Foul Ball, location: 2F 1-1: Ball 2-1: Foul Ball, location: 2F 2-2: Foul Ball, location: 2F 2-2: Ball 3-2: Base on Balls Wes Goscinski to second
|
|
Batting: LHB Jose Chinchilla
|
0-0: Called Strike 0-1: Swinging Strike 0-2: Ball 1-2: Foul Ball, location: 2F 1-2: Strikes out looking
|
|
Batting: RHB Bobby Scholl
|
0-0: SINGLE (Groundball, 6MD, EV 97.5 MPH) Wes Goscinski to third Kory Sanchez to second Runner from 3rd tries for Home, SAFE, throw by CF to home
|
|
Batting: SHB Brian Bentz
|
0-0: Foul Ball, location: 2F 0-1: Ball 1-1: Ball 2-1: Swinging Strike 2-2: Ball 3-2: Strikes out swinging
|
|
Batting: RHB Travis Carter
|
0-0: Foul Ball, location: 2F 0-1: Ball 1-1: Swinging Strike 1-2: Ball 2-2: Strikes out swinging
|
| Bottom of the 4th over - 1 run, 1 hit, 0 errors, 2 left on base; Toledo 2 - Norfolk 3 |
| TOP OF THE 5TH |
|
Toledo Mud Hens batting - Pitching for Norfolk Tides : RHP John Piccola
|
|
Batting: RHB Aaron Cusick
|
0-0: Ball 1-0: Swinging Strike 1-1: Ball 2-1: SINGLE (Line Drive, 8LS, EV 106.9 MPH)
|
|
Batting: SHB Chris Wagler
|
0-0: Called Strike 0-1: Foul Ball, location: 2F 0-2: Ball 1-2: Foul Ball, location: 2F 1-2: Ball 2-2: Foul Ball, location: 2F 2-2: Strikes out swinging
|
|
Batting: RHB Brandon O'Malley
|
0-0: Called Strike 0-1: Ball 1-1: Swinging Strike 1-2: Strikes out swinging
|
|
Batting: RHB J.J. Basil
|
0-0: Ball 1-0: SINGLE (Groundball, 56S, EV 67.5 MPH) (infield hit) Aaron Cusick to second
|
|
Batting: LHB Bill Ford
|
0-0: Called Strike 0-1: Fly out, F9 (Flyball, 9LS, EV 88.8 MPH)
|
| Top of the 5th over - 0 runs, 2 hits, 0 errors, 2 left on base; Toledo 2 - Norfolk 3 |
| BOTTOM OF THE 5TH |
|
Norfolk Tides batting - Pitching for Toledo Mud Hens : RHP Ricky Tercero
|
|
Batting: LHB Tyler Allen
|
0-0: Ball 1-0: Called Strike 1-1: Foul Ball, location: 2F 1-2: Foul Ball, location: 2F 1-2: Ball 2-2: Strikes out swinging
|
|
Batting: RHB Francisco Viera
|
0-0: Ball 1-0: Ground out 5-3 (Groundball, 56, EV 88.1 MPH)
|
|
Batting: RHB Mario Saez
|
0-0: Ball 1-0: Ball 2-0: Ball 3-0: Base on Balls
|
|
Batting: LHB Wes Goscinski
|
0-0: Foul Ball, location: 2F 0-1: Swinging Strike 0-2: Ball 1-2: Ball 2-2: Ball 3-2: Strikes out swinging
|
| Bottom of the 5th over - 0 runs, 0 hits, 0 errors, 1 left on base; Toledo 2 - Norfolk 3 |
| TOP OF THE 6TH |
|
Toledo Mud Hens batting - Pitching for Norfolk Tides : RHP John Piccola
|
|
Batting: RHB Dan Becvar
|
0-0: Called Strike 0-1: Ground out 6-3 (Groundball, P, EV 79.4 MPH)
|
|
Batting: RHB Joel Miller
|
0-0: Foul Ball, location: 2F 0-1: Ball 1-1: Swinging Strike 1-2: Strikes out looking
|
|
Batting: RHB Jamie Villagrana
|
0-0: Called Strike 0-1: SINGLE (Groundball, 56D, EV 106.2 MPH)
|
|
Batting: RHB Keith Hoffman
|
0-0: Foul Ball, location: 2F 0-1: Ball 1-1: Ground out 4-3 (Groundball, 4, EV 100.6 MPH)
|
| Top of the 6th over - 0 runs, 1 hit, 0 errors, 1 left on base; Toledo 2 - Norfolk 3 |
| BOTTOM OF THE 6TH |
|
Norfolk Tides batting - Pitching for Toledo Mud Hens : RHP Ricky Tercero
|
|
Batting: RHB Kory Sanchez
|
0-0: Ball 1-0: Called Strike 1-1: Ball 2-1: Ball 3-1: Base on Balls
|
|
Batting: LHB Jose Chinchilla
|
0-0: Called Strike 0-1: Ball 1-1: Called Strike 1-2: Strikes out swinging
|
|
Pitching: LHP Bobby Jones
|
|
|
Batting: RHB Bobby Scholl
|
0-0: Ball 1-0: Ball 2-0: Foul Ball, location: 2F 2-1: Foul Ball, location: 2F 2-2: Fly out, F5 (Popup, 5SF, EV 74.4 MPH)
|
|
Batting: SHB Brian Bentz
|
0-0: Ball 1-0: SINGLE (Groundball, 6MD, EV 106.9 MPH) Kory Sanchez to second
|
|
Batting: RHB Travis Carter
|
0-0: Swinging Strike 0-1: SINGLE (Flyball, 34D, EV 84.4 MPH) Kory Sanchez to third Brian Bentz to second Runner from 3rd tries for Home, SAFE, throw by RF to home Brian Bentz to third Travis Carter to second
|
|
Batting: LHB Tyler Allen
|
0-0: Called Strike 0-1: Swinging Strike 0-2: Ball 1-2: Foul Ball, location: 2F 1-2: Foul Ball, location: 2F 1-2: Foul Ball, location: 2F 1-2: Fly out, F9 (Flyball, 89S, EV 92.5 MPH)
|
| Bottom of the 6th over - 1 run, 2 hits, 0 errors, 2 left on base; Toledo 2 - Norfolk 4 |
| TOP OF THE 7TH |
|
Toledo Mud Hens batting - Pitching for Norfolk Tides : RHP John Piccola
|
|
Batting: RHB Aaron Cusick
|
0-0: Ball 1-0: Foul Ball, location: 2F 1-1: Ground out 6-3 (Groundball, 56, EV 88.1 MPH)
|
|
Batting: SHB Chris Wagler
|
0-0: Ground out 5-3 (Groundball, 56S, EV 71.2 MPH)
|
|
Batting: RHB Brandon O'Malley
|
0-0: Fly out, F8 (Flyball, 8RM, EV 83.1 MPH)
|
| Top of the 7th over - 0 runs, 0 hits, 0 errors, 0 left on base; Toledo 2 - Norfolk 4 |
| BOTTOM OF THE 7TH |
|
Norfolk Tides batting - Pitching for Toledo Mud Hens : LHP Bobby Jones
|
|
Batting: RHB Francisco Viera
|
0-0: Ball 1-0: Foul Ball, location: 2F 1-1: Called Strike 1-2: Foul Ball, location: 2F 1-2: Foul Ball, location: 2F 1-2: SOLO HOME RUN (Flyball, 78XD, EV 103.1 MPH), Distance : 408 ft
|
|
Batting: RHB Mario Saez
|
0-0: Ball 1-0: Foul Ball, location: 2F 1-1: Ball 2-1: Called Strike 2-2: Ground out 4-3 (Groundball, 6, EV 90.6 MPH)
|
|
Batting: LHB Wes Goscinski
|
0-0: Foul Ball, location: 2F 0-1: Ground out 6-3 (Groundball, 6, EV 76.2 MPH)
|
|
Batting: RHB Kory Sanchez
|
0-0: Foul Ball, location: 2F 0-1: Foul Ball, location: 2F 0-2: Ball 1-2: Ball 2-2: Foul Ball, location: 2F 2-2: Foul Ball, location: 2F 2-2: Foul Ball, location: 2F 2-2: Strikes out swinging
|
| Bottom of the 7th over - 1 run, 1 hit, 0 errors, 0 left on base; Toledo 2 - Norfolk 5 |
| TOP OF THE 8TH |
|
Toledo Mud Hens batting - Pitching for Norfolk Tides : RHP John Piccola
|
|
Batting: RHB J.J. Basil
|
0-0: Swinging Strike 0-1: Foul Ball, location: 2F 0-2: Strikes out looking
|
|
Batting: LHB Bill Ford
|
0-0: SINGLE (Flyball, 78M, EV 91.2 MPH)
|
|
Batting: RHB Dan Becvar
|
0-0: Hit by Pitch Bill Ford to second
|
|
Batting: RHB Joel Miller
|
0-0: Ball 1-0: SINGLE (Groundball, 34D, EV 100.6 MPH) Bill Ford to third Dan Becvar to second Runner from 3rd tries for Home, SAFE, throw by RF to home
|
|
Pinch Hitting: LHB Jon Frederick
|
0-0: Called Strike 0-1: Fielders Choice at 2nd, 3-6 (Groundball, 34, EV 84.4 MPH) Dan Becvar to third
|
|
Batting: RHB Keith Hoffman
|
0-0: Ground out 1-3 (Groundball, 15S, EV 73.1 MPH)
|
| Top of the 8th over - 1 run, 2 hits, 0 errors, 2 left on base; Toledo 3 - Norfolk 5 |
| BOTTOM OF THE 8TH |
|
Norfolk Tides batting - Pitching for Toledo Mud Hens : LHP Bobby Jones
|
|
Pitching: RHP Chris Kimura
|
|
|
Now at SS: Aaron Cusick
|
|
|
Now in LF: Jon Frederick
|
|
|
Batting: LHB Jose Chinchilla
|
0-0: Called Strike 0-1: Ball 1-1: Ball 2-1: Ground out 5-3 (Groundball, 6, EV 85.0 MPH)
|
|
Batting: RHB Bobby Scholl
|
0-0: Ball 1-0: Foul Ball, location: 2F 1-1: Called Strike 1-2: Ball 2-2: Strikes out swinging
|
|
Batting: SHB Brian Bentz
|
0-0: Ball 1-0: Ball 2-0: SINGLE (Groundball, 6MD, EV 99.4 MPH)
|
|
Batting: RHB Travis Carter
|
0-0: Ball 1-0: Ball 2-0: Ground out U3 (Groundball, 3L, EV 81.9 MPH)
|
| Bottom of the 8th over - 0 runs, 1 hit, 0 errors, 1 left on base; Toledo 3 - Norfolk 5 |
| TOP OF THE 9TH |
|
Toledo Mud Hens batting - Pitching for Norfolk Tides : RHP John Piccola
|
|
Pitching: RHP Roger Warren
|
|
|
Now at 1B: Pat Shaddock
|
|
|
Now in LF: James Betron
|
|
|
Batting: RHB Aaron Cusick
|
0-0: Ball 1-0: Fly out, F7 (Line Drive, 7S, EV 89.4 MPH)
|
|
Batting: SHB Chris Wagler
|
0-0: Ball 1-0: Ball 2-0: Foul Ball, location: 2F 2-1: Ground out 6-3 (Groundball, 6MS, EV 77.5 MPH)
|
|
Batting: RHB Brandon O'Malley
|
0-0: Called Strike 0-1: Ball 1-1: Foul Ball, location: 2F 1-2: Foul Ball, location: 2F 1-2: Foul Ball, location: 2F 1-2: Strikes out swinging
|
| Top of the 9th over - 0 runs, 0 hits, 0 errors, 0 left on base; Toledo 3 - Norfolk 5 |
|